 Dungeon Crawl Stone Soup version 0.21.1-1-g345015f (webtiles) character file.

22260 troglodite the Blocker (level 12, -37/148 HPs)
             Began as a Demonspawn Berserker on Mar 12, 2018.
             Was a High Priest of Trog.
             Annihilated by an orc warlord
             ... wielding a +0 great sword
              (50 damage)
             ... on level 1 of the Orcish Mines.
             The game lasted 00:47:48 (14398 turns).

troglodite the Blocker (Demonspawn Berserker)      Turns: 14398, Time: 00:47:49

Health: -37/148    AC: 20    Str: 22    XL:     12   Next: 61%
Magic:  12/12      EV: 10    Int: 11    God:    Trog [*****.]
Gold:   718        SH: 13    Dex: 18    Spells: 11/11 levels left

rFire    . . .     SeeInvis .   F - +1 short sword (speed)
rCold    . . .     Gourm    .   u - +0 shield
rNeg     . . .     Faith    .   B - +0 plate armour
rPois    .         Spirit   .   (no helmet)
rElec    .         Reflect  .   (no cloak)
rCorr    .         Harm     .   h - +1 pair of gloves
MR       .....                  C - +0 pair of boots
Stlth    ..........             r - amulet of regeneration
HPRegen  0.74/turn              z - +2 ring of dexterity
MPRegen  0.13/turn              (no ring)

@: berserking, very quick
A: talons 2, rugged brown scales 2, rot immunity
a: Berserk, Trog's Hand, Brothers in Arms, Burn Spellbooks, Renounce Religion


You were on level 1 of the Orcish Mines.
You worshipped Trog.
Trog was extremely pleased with you.
You were very hungry.

You visited 2 branches of the dungeon, and saw 14 of its levels.
You also visited: Ossuary.

You collected 763 gold pieces.
You spent 45 gold pieces at shops.

Inventory:

Hand Weapons
 a - a +0 falchion
 d - a +1 dagger of protection
 n - a +0 short sword of protection
 F - a +1 short sword of speed (weapon)
Armour
 h - a +1 pair of gloves (worn)
 u - a +0 shield (worn)
 B - a +0 plate armour (worn)
 C - a +0 pair of boots (worn)
Jewellery
 r - an amulet of regeneration (around neck)
 z - a +2 ring of dexterity (left hand)
Wands
 q - a wand of clouds (3)
 t - a wand of acid (4)
 w - a wand of enslavement (25)
 x - a wand of iceblast (8)
 y - a wand of paralysis (18)
Scrolls
 b - 2 scrolls of teleportation
 e - 12 scrolls of remove curse
 f - 2 scrolls of enchant armour
 j - 5 scrolls of identify
 m - 5 scrolls of enchant weapon
 E - a scroll of brand weapon
 H - a scroll of summoning {unknown}
Potions
 g - 2 potions of heal wounds
 i - 11 potions of curing
 k - 3 potions of lignification
 l - 6 potions of brilliance
 o - 3 potions of might
 p - 4 potions of flight
 s - a potion of berserk rage
 v - a potion of agility
 A - a potion of mutation
 D - 2 potions of cancellation
 G - a potion of magic
 J - 2 potions of experience {unknown}
Comestibles
 c - 22 rations


   Skills:
 * Level 9.3 Fighting
 + Level 8.0(8.2) Short Blades
 + Level 2.8(5.8) Long Blades
 * Level 9.6 Armour
 * Level 7.2 Dodging
 + Level 1.5 Stealth
 * Level 10.8 Shields


You had 11 spell levels left.
You didn't know any spells.

Dungeon Overview and Level Annotations

Branches:
Dungeon (12/15)            Temple (0/1) D:7            Lair (0/6) D:11
    Orc (2/2) D:11
    Elf: Orc:2

Altars:
Cheibriados
Dithmenos
Elyvilon
Kikubaaqudgha
Makhleb
Nemelex Xobeh
Okawaru
Qazlal
Ru
Uskayaw
Xom
Yredelemnul
The Shining One

Shops:
D:7 !   Orc:2 [

Portals:
Trove: D:11 (give +7 demon trident)


Innate Abilities, Weirdness & Mutations

You have razor-sharp toenails.
You are mostly covered in rugged brown scales. (AC +2, +5% HP)
You are immune to rotting.


Message History

The orc warlord hits you with a great sword!!
* * * LOW HITPOINT WARNING * * *
You hit the orc warlord.
The orc warlord is heavily wounded.
The troll bites your troll! The troll claws your troll.
The troll claws your troll!
Your plate armour prevents you from hitting the orc warlord.
The orc warlord is heavily wounded.
Your troll misses the troll.
Your troll claws the troll! x2
You hit the orc warlord but do no damage.
The orc warlord is heavily wounded.
Your troll bites the troll!
Your troll barely misses the troll.
Your troll claws the troll.
The troll dies!
Trog accepts your kill.
Your Short Blades skill increases to level 8!
You hit the orc warlord but do no damage.
The orc warlord is heavily wounded.
The orc warlord hits you with a great sword!!!
You die...

##..........#
##.#........##
#............#
###..........####
#.......#.......##
####.....####.))...######
#.#.....####..<[.....##.##
##.....>#.##.[[).........#
###...[.To@...........#.##
#................##....##
##.......#.......####.##
##................# ###
#...#.#.........###
##.#####........# ###
##......## #......##
##...###


You could see an orc warlord and a friendly troll (berserk).

Vanquished Creatures
  Snorg (D:10)
  2 hydras
  A centaur warrior (D:9)
  6 two-headed ogres
  3 death yaks (D:10)
  An ugly thing (D:11)
  A cyclops (D:11)
  A manticore (D:12)
  A centaur zombie (D:12)
  2 trolls
  A meliai zombie (D:12)
  A shadow (D:9)
  A spriggan (D:12)
  3 wraiths
  A wyvern (D:11)
  7 yaks
  Eustachio (D:4)
  3 vampire mosquitoes (D:12)
  2 hungry ghosts (D:11)
  Edmund (D:4)
  A porcupine (D:10)
  6 orc warriors
  A black bear (D:11)
  4 sky beasts
  2 necrophages
  4 phantoms
  8 ogres
  14 centaurs
  A crocodile (D:12)
  3 big kobolds
  6 bullfrogs
  A wyvern zombie (D:12)
  A gnoll sergeant (D:11)
  A wyvern skeleton (D:10)
  A scorpion (D:9)
  21 killer bees
  5 wights (D:10)
  8 howler monkeys
  2 jellies
  2 bullfrog zombies (D:11)
  2 bullfrog skeletons
  8 hounds
  A gnoll shaman (D:4)
  4 centaur skeletons
  5 orc priests
  Natasha (thrice) (D:4)
  3 iguanas
  12 orc wizards
  6 worker ants
  2 hell rats
  3 mummies (Ossuary)
  A howler monkey zombie (D:5)
  Robin (D:4)
  4 worker ant zombies
  15 gnolls
  9 adders
  3 shadow imps
  2 oozes
  3 adder zombies
  2 adder skeletons
  2 worms
  2 dart slugs (D:1)
  A leopard gecko (D:2)
  37 orcs
  8 giant cockroaches
  14 goblins
  13 hobgoblins
  10 jackals
  6 quokkas
  9 bats
  2 frilled lizards
  A gnoll zombie (Ossuary)
  A goblin zombie (Ossuary)
  2 hobgoblin zombies (Ossuary)
  A jackal zombie (D:5)
  24 kobolds
  A kobold zombie (Ossuary)
  3 leopard gecko zombies
  An orc zombie (Ossuary)
  2 quokka skeletons
  A quokka zombie (D:5)
  10 rats
372 creatures vanquished.

Vanquished Creatures (collateral kills)
  A manticore (D:12)
  3 meliai (D:12)
  A troll (Orc:1)
  A queen bee (D:12)
  An orc warrior (Orc:1)
  18 killer bees (D:12)
  3 orcs (D:12)
28 creatures vanquished.

Vanquished Creatures (others)
  A hobgoblin zombie (Ossuary)
1 creature vanquished.

Grand Total: 401 creatures vanquished

Notes
Turn   | Place    | Note
-------+----------+-------------------------------------------
     0 | D:1      | troglodite the Demonspawn Berserker began the quest for the Orb.
     0 | D:1      | Reached XP level 1. HP: 18/18 MP: 1/1
   265 | D:1      | Gained mutation: You have sharp toenails. [demonic ancestry]
   265 | D:1      | Reached XP level 2. HP: 24/24 MP: 2/2
   967 | D:1      | Reached ** piety under Trog
   979 | D:1      | Gained mutation: You are partially covered in rugged brown scales. (AC +1, +3% HP) [demonic ancestry]
   979 | D:1      | Reached XP level 3. HP: 29/29 MP: 3/3
  1336 | D:2      | Reached skill level 1 in Short Blades
  1543 | D:2      | Reached XP level 4. HP: 38/38 MP: 4/4
  1615 | D:2      | Found a white marble altar of Elyvilon.
  1778 | D:3      | Found a hide-covered altar of Uskayaw.
  1811 | D:3      | Found a shimmering altar of Xom.
  1820 | D:3      | Found a shadowy altar of Dithmenos.
  1821 | D:3      | Found a sacrificial altar of Ru.
  1828 | D:3      | Found a glowing golden altar of the Shining One.
  1829 | D:3      | Found a basalt altar of Yredelemnul.
  1921 | D:3      | Reached *** piety under Trog
  2153 | D:3      | Reached XP level 5. HP: 42/43 MP: 5/5
  2523 | D:3      | Found an ancient bone altar of Kikubaaqudgha.
  2524 | D:3      | Found an iron altar of Okawaru.
  2757 | D:4      | Noticed Eustachio
  2776 | D:4      | Killed Eustachio
  2776 | D:4      | Gained mutation: You have razor-sharp toenails. [demonic ancestry]
  2776 | D:4      | Reached XP level 6. HP: 50/50 MP: 6/6
  2844 | D:4      | Noticed Edmund
  2861 | D:4      | Killed Edmund
  2864 | D:4      | Reached XP level 7. HP: 49/56 MP: 7/7
  3052 | D:4      | Noticed Robin
  3064 | D:4      | Killed Robin
  3067 | D:4      | Reached **** piety under Trog
  3180 | D:4      | Noticed Natasha
  3193 | D:4      | Killed Natasha
  3254 | D:4      | Noticed Natasha
  3258 | D:4      | Killed Natasha
  3358 | D:4      | Noticed Natasha
  3362 | D:4      | Killed Natasha
  3451 | D:5      | Entered Level 5 of the Dungeon
  3508 | D:5      | Found a burning altar of Makhleb.
  3574 | D:5      | Reached skill level 1 in Shields
  3593 | D:5      | Reached skill level 1 in Stealth
  3688 | D:5      | Reached skill level 5 in Fighting
  4151 | D:6      | Reached skill level 2 in Shields
  4160 | D:6      | Reached XP level 8. HP: 38/63 MP: 8/8
  4170 | D:6      | Reached skill level 5 in Armour
  4462 | D:6      | Reached skill level 3 in Shields
  5453 | D:7      | Found Heotiaf's Distillery.
  5461 | D:7      | Bought a potion of curing for 45 gold pieces
  5474 | D:7      | Found a staircase to the Ecumenical Temple.
  5495 | D:7      | Reached skill level 4 in Shields
  5495 | D:7      | Gained mutation: You are immune to rotting. [demonic ancestry]
  5495 | D:7      | Reached XP level 9. HP: 71/71 MP: 9/9
  6078 | D:8      | Got a faintly glowing robe
  6126 | D:8      | Reached skill level 5 in Shields
  6399 | D:8      | Found a sand-covered staircase.
  6408 | Ossuary  | Entered an ossuary
  6554 | Ossuary  | Identified the +1 robe "Ines Tae" {*Corrode rPois Regen+} (You found it on level 8 of the Dungeon)
  7050 | D:8      | Noticed a two-headed ogre
  7061 | D:8      | Killed a two-headed ogre
  7061 | D:8      | Reached skill level 5 in Short Blades
  7061 | D:8      | Reached skill level 5 in Dodging
  7087 | D:8      | Found a stormy altar of Qazlal.
  7107 | D:8      | Reached skill level 6 in Shields
  7127 | D:8      | Reached XP level 10. HP: 76/79 MP: 10/10
  7271 | D:8      | Noticed a two-headed ogre
  7289 | D:8      | Killed a two-headed ogre
  7339 | D:8      | Found a sparkling altar of Nemelex Xobeh.
  7459 | D:8      | Reached ***** piety under Trog
  7922 | D:9      | Noticed a centaur warrior
  7936 | D:9      | Killed a centaur warrior
  7943 | D:9      | Reached skill level 7 in Shields
  8801 | D:9      | Found a snail-covered altar of Cheibriados.
  9182 | D:10     | Entered Level 10 of the Dungeon
  9777 | D:10     | Received a gift from Trog
 10015 | D:10     | Noticed a two-headed ogre
 10036 | D:10     | Killed a two-headed ogre
 10036 | D:10     | Reached skill level 8 in Shields
 10036 | D:10     | Gained mutation: You are mostly covered in rugged brown scales. (AC +2, +5% HP) [demonic ancestry]
 10036 | D:10     | Reached XP level 11. HP: 90/90 MP: 11/11
 10112 | D:10     | Noticed Snorg
 10133 | D:10     | Killed Snorg
 10549 | D:11     | Found a staircase to the Lair.
 10549 | D:11     | Noticed a death yak
 10550 | D:11     | Noticed a death yak
 10550 | D:11     | Noticed a death yak
 10581 | D:10     | Killed a death yak
 10652 | D:10     | Killed a death yak
 10765 | D:10     | Killed a death yak
 10765 | D:10     | Reached skill level 9 in Shields
 10828 | D:11     | Noticed a four-headed hydra
 10862 | D:11     | Killed a four-headed hydra
 11128 | D:11     | Found a staircase to the Orcish Mines.
 11313 | D:11     | Noticed a red ugly thing
 11313 | D:11     | Found a portal to a secret trove of treasure.
 11333 | D:11     | Killed a red ugly thing
 11411 | D:11     | Received a gift from Trog
 12372 | D:12     | Noticed a two-headed ogre
 12396 | D:12     | Killed a two-headed ogre
 12396 | D:12     | Reached XP level 12. HP: 95/98 MP: 12/12
 12513 | D:12     | Reached skill level 10 in Shields
 13207 | D:12     | Noticed a two-headed ogre
 13216 | D:12     | Killed a two-headed ogre
 13379 | D:12     | Received a gift from Trog
 13446 | D:12     | Noticed a five-headed hydra
 13462 | D:12     | Killed a five-headed hydra
 14047 | Orc:1    | Entered Level 1 of the Orcish Mines
 14047 | Orc:1    | Noticed a two-headed ogre
 14070 | Orc:1    | Killed a two-headed ogre
 14294 | Orc:2    | Entered Level 2 of the Orcish Mines
 14294 | Orc:2    | Found Ivaki's Antique Armour Emporium.
 14294 | Orc:2    | Noticed an orc warlord
 14294 | Orc:2    | Noticed an orc high priest
 14398 | Orc:1    | Annihilated by an orc warlord

Skill      XL: |  1  2  3  4  5  6  7  8  9 10 11 12 |
---------------+-------------------------------------+-----
Dodging        | 2 3 4 5 6 7 |  7.2
Short Blades   | 1 2 3 4 5 6 7 8 |  8.0
Armour         | 2 3 4 6 7 8 9 |  9.6
Fighting       | 4 5 6 7 8 9 |  9.3
Shields        | 2 4 6 8 9 10 | 10.8
Stealth        | 1 |  1.5
Long Blades    | |  2.8

Action                   |  1- 3 |  4- 6 |  7- 9 | 10-12 || total
-------------------------+-------+-------+-------+-------++-------
Melee: Dagger            |   180 |   171 |   719 |  1661 ||  2731
       Falchion          |     4 |       |       |       ||     4
       Kick              |    34 |    52 |   135 |       ||   221
       Short sword       |       |       |       |   320 ||   320
Invok: Berserk           |     3 |     5 |    15 |    35 ||    58
       Burn Spellbooks   |       |       |     1 |     1 ||     2
       Trog's Hand       |       |       |     1 |       ||     1
       Brothers in Arms  |       |       |       |     4 ||     4
  Use: Scroll            |       |       |    19 |     5 ||    24
       Potion            |       |       |       |     1 ||     1
 Stab: Sleeping          |     2 |       |       |       ||     2
  Eat: Chunk             |     5 |     7 |    26 |    46 ||    84
       Ration            |       |       |     1 |     9 ||    10
Armor: Animal skin       |    24 |       |       |       ||    24
       Chain mail        |   103 |   103 |   210 |       ||   416
       Plate armour      |       |       |   201 |   890 ||  1091
Dodge: Dodged            |   117 |    65 |   163 |   445 ||   790
Block: Shield            |       |       |   300 |  1013 ||  1313
